 Dungeon Crawl Stone Soup version 0.30.0-18-gc0e69614cb (webtiles) character file.

Game seed: 13695592987836364337

6728 booth the Cleaver (level 11, -2/85 HPs)
             Began as a Gnoll Reaver on May 25, 2023.
             Was an Elder of Nemelex Xobeh.
             Killed from afar by a rime drake (16 damage)
             ... with an icy flash freeze
             ... on level 9 of the Dungeon on May 26, 2023.
             The game lasted 01:08:33 (8506 turns).

booth the Cleaver (Gnoll Reaver)                    Turns: 8506, Time: 01:08:33

Health: -2/85      AC: 15    Str: 14    XL:     11   Next: 4%
Magic:  32/32      EV: 15    Int: 16    God:    Nemelex Xobeh [****..]
Gold:   658        SH:  0    Dex: 13    Spells: 11/26 levels left

rFire   + . .        s - +0 war axe (elec)
rCold   . . .        (no shield)
rNeg    . . .        a - +0 steam dragon scales
rPois   .            t - +1 helmet
rElec   .            E - +0 cloak "Ywalowka" {rF+}
rCorr   .            l - +1 pair of gloves
SInv    .            C - +0 pair of boots
Will    +....        e - amulet of regeneration
Stlth   +++          w - ring of willpower
HPRegen 1.14/turn    f - ring of magical power
MPRegen 0.23/turn

%: clarity
@: lethally poisoned (-2 -> -2), slowed, very slow
A: fangs 1, strong nose, distributed training, iridescent scales 1, agile 1,
clarity, clever 1, sturdy frame 1
a: Renounce Religion, Draw Escape, Draw Destruction, Draw Summoning, Triple
Draw, Deal Four


You were on level 9 of the Dungeon.
You worshipped Nemelex Xobeh.
Nemelex Xobeh was greatly pleased with you.
You visited 2 branches of the dungeon, and saw 10 of its levels.

You collected 658 gold pieces.

Inventory:

Hand Weapons
 i - a +0 mace
 s - a +0 war axe of electrocution (weapon)
 v - the +9 long sword "Tunau" {freeze, rC+}
   (You found it on level 8 of the Dungeon)

   rC:        It protects you from cold.
 y - a +2 hand axe of electrocution
Missiles
 c - 4 silver javelins
 g - 14 boomerangs (quivered)
 j - 23 poisoned darts
 F - 2 throwing nets
 G - a curare-tipped dart
Armour
 a - +0 steam dragon scales (worn)
 b - a +0 leather armour
 l - a +1 pair of gloves (worn)
 t - a +1 helmet (worn)
 B - a +1 cloak
 C - a +0 pair of boots (worn)
 E - the +0 cloak "Ywalowka" (worn) {rF+}
   (You found it on level 9 of the Dungeon)

   rF:        It protects you from fire.
Jewellery
 e - an amulet of regeneration (around neck)
 f - a ring of magical power (right hand)
 w - a ring of willpower (left hand)
 A - the ring of Joy {Fire rN+ Slay+2}
   (You found it on level 4 of the Dungeon)

   [ring of fire]

   It enhances your fire magic.
   Slay:      It affects your accuracy & damage with ranged weapons and melee
   (+2).
   rF:        It protects you from fire.
   rC:        It makes you vulnerable to cold.
   rN:        It protects you from negative energy.
 H - a +6 ring of strength
Wands
 x - a wand of iceblast (24)
Scrolls
 d - 2 scrolls of immolation
 h - a scroll of amnesia
 m - 3 scrolls of magic mapping
 o - 3 scrolls of fog
 p - 2 scrolls of fear
 r - 3 scrolls of teleportation
Potions
 k - a potion of lignification
 n - 5 potions of curing
 q - 3 potions of brilliance
 u - 4 potions of berserk rage
 z - a potion of mutation
 D - a potion of ambrosia
 I - 3 potions of magic
 J - 2 potions of might


   Skills:
 + Level 7.7 Fighting
 + Level 6.1 Short Blades
 + Level 6.1 Long Blades
 + Level 9.0 Axes
 + Level 6.1 Maces & Flails
 + Level 6.1 Polearms
 + Level 6.1 Staves
 + Level 6.1 Ranged Weapons
 + Level 6.1 Throwing
 + Level 6.1 Armour
 + Level 7.7 Dodging
 + Level 6.1 Stealth
 + Level 6.1 Shields
 + Level 6.1 Unarmed Combat
 + Level 8.0 Spellcasting
 + Level 7.5 Conjurations
 + Level 5.0 Hexes
 + Level 5.0 Summonings
 + Level 5.0 Necromancy
 + Level 5.0 Translocations
 + Level 5.0 Transmutations
 + Level 5.0 Fire Magic
 + Level 5.0 Ice Magic
 + Level 5.0 Air Magic
 + Level 5.0 Earth Magic
 + Level 5.0 Poison Magic
 + Level 6.7 Invocations
 + Level 6.1 Evocations


You had 11 spell levels left.
You knew the following spells:

 Your Spells              Type           Power      Damage    Failure   Level
a - Kiss of Death         Conj/Necr      100%       2d13      1%          1
b - Momentum Strike       Conj/Tloc      52%        3d9       1%          2
c - Hailstorm             Conj/Ice       26%        3d7       2%          3
d - Static Discharge      Conj/Air       52%        2-5/arc   1%          2
e - Gell's Gravitas       Tloc           22%        N/A       4%          3
f - Teleport Other        Tloc           22%        N/A       4%          3
g - Apportation           Tloc           44%        N/A       1%          1

Your spell library contained the following spells:

 Spells                   Type           Power      Damage    Failure   Level
 Ensorcelled Hibernation  Hex/Ice        44%        N/A       2%          2
 Lesser Beckoning         Tloc           44%        N/A       2%          2
 Passwall                 Tmut/Erth      18%        N/A       2%          2
 Swiftness                Air            22%        N/A       4%          3
 Airstrike                Air            11%        2d(2-18)  14%         4
 Summon Lightning Spire   Summ/Air       22%        N/A       14%         4
 Irradiate                Conj/Tmut      13%        3d16      24%         5
 Alistair's Intoxication  Tmut/Pois      14%        N/A       36%         5
 Blade Hands              Tmut           11%        N/A       36%         5
 Dragon Form              Tmut           11%        N/A       100%        7


Dungeon Overview and Level Annotations

Branches:
Dungeon (9/15)             Temple (1/1) D:7
   Lair: D:8-11         Orc: D:9-12

Altars:
Ashenzari
Cheibriados
Dithmenos
Elyvilon
Fedhas
Gozag
Hepliaklqana
Kikubaaqudgha
Makhleb
Nemelex Xobeh
Okawaru
Qazlal
Ru
Sif Muna
Trog
Uskayaw
Vehumet
Wu Jian
Xom
Yredelemnul
Zin
The Shining One

Shops:
D:1 :   D:6 =

Annotations:
D:4 2 runed translucent doors


Innate Abilities, Weirdness & Mutations

You have very sharp teeth.
Your uncanny sense of smell can sniff out nearby items.
Your experience applies equally to all skills.
You are partially covered in iridescent scales. (AC +2)
You are agile. (Dex +4, Str/Int -1)
You possess an exceptional clarity of mind.
Your mind is acute. (Int +4, Str/Dex -1)
Your movements are slightly less encumbered by armour. (ER -2)


Message History

The hornet stings you but does no damage.
The hornet misses you. The hornet barely misses you.
You hit the hornet but do no damage. You punch the hornet, but do no damage.
The hornet is severely wounded.
You feel very sick. The hornet misses you. The hornet stings you.
You are more poisoned.
You suddenly lose the ability to move!
You feel very sick. The hornet stings you.
You feel as though you will be slow longer.
You feel very sick. The hornet stings you!
You are more poisoned.
You feel as though you will be slow longer.
The hornet stings you but does no damage.
You can move again.
You slash the hornet!
You kill the hornet!
You feel extremely sick. The rime drake breathes ice at you.
The icy flash freeze misses you.
Your Spellcasting skill increases to level 8!
You hit the rime drake.
Lightning courses through the rime drake!!
The rime drake is severely wounded.
You feel very sick. The rime drake barely misses you.
The rime drake bites you but does no damage.
You barely miss the rime drake.
The rime drake is severely wounded.
You feel very sick.
The rime drake bites you but does no damage.
You hit the rime drake.
The rime drake is severely wounded.
You feel very sick. The rime drake breathes ice at you.
The icy flash freeze hits you!
You die...
Your body glows with a rainbow of weird colours and disappears.

# #.#....#####...... #.. ###.....
....#....# .... ...#.#.
#..##...#..#.. ...+...#
#..#....#.#?.k ...#.#.#
#..........#
...#.#.#####..##.....#.#.
#..........#.......h..... ....
####.#.....#.###k#~....#...#....#
#.#.###.#.###@##........ .....
####.............# #.............
#........#.#####.# ##....#.#....
#........#.# ### ## .... .
#........#.####### #####..##
#.......)#.......# .....#..##
##########.####### #...... #.#
.#3#..#... ######'### .###. ###.


You could see a rime drake (catching breath).

Vanquished Creatures
  A two-headed ogre (D:9)
  Maurice (D:9)
  A gargoyle (D:8)
  A hornet (D:9)
  A wraith (D:9)
  A shadow (D:9)
  3 yaks (D:8)
  2 steam dragons
  A water moccasin (D:5)
  2 orc warriors (D:8)
  3 sky beasts
  3 ice beasts
  3 wolves (D:9)
  A black bear (D:8)
  2 ogres (D:5)
  4 centaurs
  A phantom (D:6)
  2 kobold brigands
  2 gnoll sergeants
  6 bullfrogs
  2 scorpions
  10 wights
  5 killer bees (D:9)
  5 howler monkeys
  8 hounds
  3 orc priests (D:8)
  5 iguanas
  3 orc wizards
  10 gnolls
  16 adders
  A white imp (D:7)
  2 worms (D:2)
  A dart slug (D:4)
  19 orcs
  6 ball pythons
  7 endoplasms
  3 giant cockroaches
  4 goblins
  7 hobgoblins
  8 jackals
  9 kobolds
  6 quokkas
  9 bats
  2 frilled lizards
  8 rats
200 creatures vanquished.

Notes
Turn   | Place    | Note
-------+----------+-------------------------------------------
     0 | D:1      | booth the Gnoll Reaver began the quest for the Orb.
     0 | D:1      | Reached XP level 1. HP: 20/20 MP: 6/6
   254 | D:1      | Reached XP level 2. HP: 14/26 MP: 7/7
   257 | D:1      | Learned a level 2 spell: Momentum Strike
   346 | D:1      | Found Dostip's Book Shop.
   953 | D:1      | Gained mutation: You are partially covered in iridescent
                  | scales. (AC +2) [potion of mutation]
   953 | D:1      | Gained mutation: You are clumsy. (Dex -2) [potion of
                  | mutation]
   953 | D:1      | Gained mutation: You are very clumsy. (Dex -4) [potion of
                  | mutation]
  1115 | D:2      | Reached skill level 5 in Spellcasting
  1115 | D:2      | Reached XP level 3. HP: 31/31 MP: 7/9
  1119 | D:2      | Learned a level 3 spell: Hailstorm
  1183 | D:2      | Lost mutation: You are very clumsy. (Dex -4) [potion of
                  | mutation]
  1183 | D:2      | Lost mutation: You are clumsy. (Dex -2) [potion of
                  | mutation]
  1183 | D:2      | Gained mutation: You are agile. (Dex +4, Str/Int -1)
                  | [potion of mutation]
  1183 | D:2      | Gained mutation: You have hidden genetic potential. [potion
                  | of mutation]
  1183 | D:2      | Gained mutation: Your mind is acute. (Int +4, Str/Dex -1)
                  | [potion of mutation]
  1227 | D:2      | Reached skill level 1 in Invocations
  1238 | D:2      | Found a faded altar of an unknown god.
  1253 | D:2      | Prayed at the altar of an unknown god.
  1253 | D:2      | Became a worshipper of Nemelex Xobeh the Trickster
  1253 | D:2      | Reached * piety under Nemelex Xobeh
  1253 | D:2      | Received a gift from Nemelex Xobeh
  1351 | D:2      | Reached skill level 1 in Short Blades
  1351 | D:2      | Reached skill level 1 in Long Blades
  1351 | D:2      | Reached skill level 1 in Maces & Flails
  1351 | D:2      | Reached skill level 1 in Polearms
  1351 | D:2      | Reached skill level 1 in Staves
  1351 | D:2      | Reached skill level 1 in Ranged Weapons
  1351 | D:2      | Reached skill level 1 in Throwing
  1351 | D:2      | Reached skill level 1 in Armour
  1351 | D:2      | Reached skill level 1 in Stealth
  1351 | D:2      | Reached skill level 1 in Shields
  1351 | D:2      | Reached skill level 1 in Unarmed Combat
  1351 | D:2      | Reached skill level 1 in Evocations
  1453 | D:2      | Reached XP level 4. HP: 38/38 MP: 11/11
  1460 | D:2      | Gained mutation: You possess an exceptional clarity of
                  | mind. [hidden potential]
  1626 | D:2      | Reached skill level 1 in Hexes
  1626 | D:2      | Reached skill level 1 in Summonings
  1626 | D:2      | Reached skill level 1 in Necromancy
  1626 | D:2      | Reached skill level 1 in Translocations
  1626 | D:2      | Reached skill level 1 in Transmutations
  1626 | D:2      | Reached skill level 1 in Fire Magic
  1626 | D:2      | Reached skill level 1 in Ice Magic
  1626 | D:2      | Reached skill level 1 in Air Magic
  1626 | D:2      | Reached skill level 1 in Earth Magic
  1626 | D:2      | Reached skill level 1 in Poison Magic
  1962 | D:3      | Found a white marble altar of Elyvilon.
  2180 | D:3      | Reached XP level 5. HP: 43/43 MP: 12/12
  2191 | D:3      | Gained mutation: Your movements are slightly less
                  | encumbered by armour. (ER -2) [hidden potential]
  2191 | D:3      | Lost mutation: You have hidden genetic potential. [hidden
                  | potential expressed]
  2322 | D:3      | Reached ** piety under Nemelex Xobeh
  2518 | D:4      | Found a large runed translucent door.
  2518 | D:4      | Found a large runed translucent door.
  2527 | D:4      | Noticed a sky beast
  2537 | D:4      | Found a large runed translucent door.
  2537 | D:4      | Found a large runed translucent door.
  2798 | D:4      | Learned a level 2 spell: Static Discharge
  3066 | D:4      | Reached skill level 5 in Fighting
  3066 | D:4      | Reached skill level 5 in Dodging
  3066 | D:4      | Reached XP level 6. HP: 51/51 MP: 14/14
  3098 | D:4      | Killed a sky beast
  3199 | D:4      | Noticed a steam dragon
  3210 | D:4      | Killed a steam dragon
  3211 | D:4      | Reached skill level 7 in Axes
  3211 | D:4      | Reached XP level 7. HP: 10/56 MP: 15/15
  3278 | D:4      | Identified the ring of Joy {Fire rN+ Slay+2}
  3588 | D:5      | Entered Level 5 of the Dungeon
  3588 | D:5      | Found an iron altar of Okawaru.
  3736 | D:5      | Received a gift from Nemelex Xobeh
  3772 | D:5      | Found a shadowy altar of Dithmenos.
  3912 | D:5      | Found a glowing golden altar of the Shining One.
  3932 | D:5      | Reached XP level 8. HP: 55/63 MP: 16/16
  3945 | D:5      | Learned a level 3 spell: Gell's Gravitas
  4168 | D:5      | Reached *** piety under Nemelex Xobeh
  4784 | D:6      | Received a gift from Nemelex Xobeh
  5035 | D:6      | Reached XP level 9. HP: 69/69 MP: 18/18
  5044 | D:6      | Learned a level 3 spell: Teleport Other
  5126 | D:6      | Found Naerann's Jewellery Boutique.
  5854 | D:7      | Received a gift from Nemelex Xobeh
  5867 | D:7      | Reached skill level 8 in Axes
  5934 | D:7      | Reached skill level 5 in Invocations
  5991 | D:7      | Reached **** piety under Nemelex Xobeh
  6161 | D:7      | Learned a level 1 spell: Apportation
  6292 | D:7      | Found a staircase to the Ecumenical Temple.
  6404 | Temple   | Entered the Ecumenical Temple
  6404 | Temple   | Found a transporter.
  6404 | Temple   | Found a transporter.
  6406 | Temple   | Found a transporter.
  6406 | Temple   | Found a transporter.
  7015 | D:8      | Reached skill level 5 in Short Blades
  7015 | D:8      | Reached skill level 5 in Long Blades
  7015 | D:8      | Reached skill level 5 in Maces & Flails
  7015 | D:8      | Reached skill level 5 in Polearms
  7015 | D:8      | Reached skill level 5 in Staves
  7015 | D:8      | Reached skill level 5 in Ranged Weapons
  7015 | D:8      | Reached skill level 5 in Throwing
  7015 | D:8      | Reached skill level 5 in Armour
  7015 | D:8      | Reached skill level 5 in Stealth
  7015 | D:8      | Reached skill level 5 in Shields
  7015 | D:8      | Reached skill level 5 in Unarmed Combat
  7015 | D:8      | Reached skill level 5 in Evocations
  7015 | D:8      | Reached XP level 10. HP: 68/77 MP: 20/20
  7594 | D:8      | Noticed a gargoyle
  7618 | D:8      | Killed a gargoyle
  7622 | D:8      | Identified the +9 long sword "Tunau" {freeze, rC+}
  7926 | D:9      | Found a blossoming altar of Fedhas.
  7949 | D:9      | Found an opulent altar of Gozag.
  7956 | D:9      | Noticed a sixfirhy
  8060 | D:9      | Identified the +0 cloak "Ywalowka" {rF+}
  8062 | D:9      | Received a gift from Nemelex Xobeh
  8222 | D:9      | Noticed Maurice
  8273 | D:9      | Killed Maurice
  8310 | D:9      | Noticed a two-headed ogre
  8321 | D:9      | Killed a two-headed ogre
  8412 | D:9      | Reached skill level 9 in Axes
  8488 | D:9      | Reached skill level 5 in Hexes
  8488 | D:9      | Reached skill level 5 in Summonings
  8488 | D:9      | Reached skill level 5 in Necromancy
  8488 | D:9      | Reached skill level 5 in Translocations
  8488 | D:9      | Reached skill level 5 in Transmutations
  8488 | D:9      | Reached skill level 5 in Fire Magic
  8488 | D:9      | Reached skill level 5 in Ice Magic
  8488 | D:9      | Reached skill level 5 in Air Magic
  8488 | D:9      | Reached skill level 5 in Earth Magic
  8488 | D:9      | Reached skill level 5 in Poison Magic
  8488 | D:9      | Reached XP level 11. HP: 81/85 MP: 22/22
  8497 | D:9      | Paralysed by a hornet for 1 turns
  8500 | D:9      | Paralysed by a hornet for 3 turns
  8506 | D:9      | Killed from afar by a rime drake

Illustrated notes

Levels and vault maps discovered:
D:1:      lemuel_arrival_cross, layout_basic, serial_shops,
          nicolae_shop_window_shopping, minivault_23
D:2:      layout_loops_ring, hellmonk_ecumenical_altar_arch_garden
D:3:      layout_basic, elyvilon_altar_5
D:4:      layout_basic, minmay_hollow_rounded_squares
D:5:      layout_basic, okawaru_metal_pillars_1_2,
          nicolae_dithmenos_shadow_blocks, overflow_temple_1_default
D:6:      layout_basic, serial_shops, nicolae_shop_advertising_works
          [nicolae_subvault_shop_adworks], nicolae_lava_and_water
D:7:      layout_rooms, minmay_temple_entry_enclosed_plants,
          minmay_misc_feat_room
D:8:      kennysheep_ambush_hall, layout_basic, roderic_cross_of_infinity,
          kennysheep_generic_room_10
D:9:      cheibrodos_shockbox, layout_basic,
          mainiacjoe_overflow_large_starburst, hellmonk_lair_entry_icy,
          kennysheep_generic_room_8, uniq_erica, uniq_maurice
Temple:   hellmonk_temple_divided_pantheon

Skill      XL: |  1  2  3  4  5  6  7  8  9 10 11 |
---------------+----------------------------------+-----
Spellcasting   | 5 6 7 8 |  8.0
Invocations    | 1 2 3 4 5 6 |  6.7
Short Blades   | 1 2 3 4 5 6 |  6.1
Long Blades    | 1 2 3 4 5 6 |  6.1
Maces & Flails | 1 2 3 4 5 6 |  6.1
Polearms       | 1 2 3 4 5 6 |  6.1
Staves         | 1 2 3 4 5 6 |  6.1
Ranged Weapons | 1 2 3 4 5 6 |  6.1
Throwing       | 1 2 3 4 5 6 |  6.1
Armour         | 1 2 3 4 5 6 |  6.1
Stealth        | 1 2 3 4 5 6 |  6.1
Shields        | 1 2 3 4 5 6 |  6.1
Unarmed Combat | 1 2 3 4 5 6 |  6.1
Evocations     | 1 2 3 4 5 6 |  6.1
Hexes          | 1 2 3 4 5 |  5.0
Summonings     | 1 2 3 4 5 |  5.0
Necromancy     | 1 2 3 4 5 |  5.0
Translocations | 1 2 3 4 5 |  5.0
Transmutations | 1 2 3 4 5 |  5.0
Fire Magic     | 1 2 3 4 5 |  5.0
Ice Magic      | 1 2 3 4 5 |  5.0
Air Magic      | 1 2 3 4 5 |  5.0
Earth Magic    | 1 2 3 4 5 |  5.0
Poison Magic   | 1 2 3 4 5 |  5.0
Fighting       | 5 6 7 |  7.7
Dodging        | 5 6 7 |  7.7
Axes           | 7 8 9 |  9.0
Conjurations   | 6 7 |  7.5

Action                     |  1- 3 |  4- 6 |  7- 9 | 10-12 || total
---------------------------+-------+-------+-------+-------++-------
  Melee: Hand axe          |    91 |   213 |   299 |    80 ||   683
         Bite              |    11 |    30 |    33 |    25 ||    99
         Punch             |     2 |     3 |     7 |    14 ||    26
         War axe           |       |       |       |   118 ||   118
  Throw: Boomerang         |       |       |     5 |     6 ||    11
         Dart              |       |       |     8 |     2 ||    10
   Cast: Static Discharge  |       |       |     3 |     3 ||     6
         Momentum Strike   |       |       |     1 |     1 ||     2
         Hailstorm         |       |       |     1 |     2 ||     3
         Teleport Other    |       |       |       |     1 ||     1
 Invoke: Draw Destruction  |       |     1 |     4 |     2 ||     7
    Use: Scroll            |     4 |     7 |     9 |     4 ||    24
         Potion            |     3 |     3 |       |     1 ||     7
   Stab: Sleeping          |       |     1 |     5 |       ||     6
         Distracted        |       |     1 |       |       ||     1
 Armour: Leather armour    |    24 |    62 |     1 |       ||    87
         Steam dragon scal |       |       |   112 |    74 ||   186
  Dodge: Dodged            |    49 |   120 |   205 |   152 ||   526
